 Dungeon Crawl Stone Soup version 0.26-a0-597-gb535b0901c (webtiles) character file.

Game seed: 10486116130322898612

22 Lavandula the Chucker (level 2, 0/29 HPs)
             Began as an Ogre Hunter on Sept 7, 2020.
             Slain by a kobold
             ... wielding a +0 short sword
              (1 damage)
             ... on level 1 of the Dungeon.
             The game lasted 00:04:52 (1460 turns).

Lavandula the Chucker (Ogre Hunter)                 Turns: 1460, Time: 00:04:52

Health: 0/29       AC:  3    Str: 15    XL:     2   Next: 91%
Magic:  2/2        EV: 10    Int: 12    God:
Gold:   41         SH:  0    Dex:  9    Spells: 1/1 levels left

rFire    . . .     SeeInvis .     - Unarmed
rCold    . . .     Faith    .   (no shield)
rNeg     . . .     Spirit   .   b - +0 robe
rPois    .         Reflect  .   (helmet restricted)
rElec    .         Harm     .   (no cloak)
rCorr    .                      (gloves unavailable)
MR       .....                  (boots unavailable)
Stlth    +.........             (no amulet)
HPRegen  0.09/turn              g - -4 ring of slaying (curse)
MPRegen  0.08/turn              (no ring)

@: no status effects
A: large, unfitting armour, tough skin 1
a: no special abilities


You were on level 1 of the Dungeon.
You visited 1 branch of the dungeon, and saw 1 of its levels.

You collected 41 gold pieces.

Inventory:

Hand Weapons
 e - a +0 hunting sling
Missiles
 c - 5 large rocks (quivered)
 d - 2 throwing nets
 f - 46 stones
Armour
 b - a +0 robe (worn)
Jewellery
 g - a cursed -4 ring of slaying (left hand)
Potions
 a - a potion of magic
 h - a potion of heal wounds {unknown}


   Skills:
 - Level 2.6 Fighting
 + Level 4.1 Throwing
 - Level 1.7 Dodging
 - Level 0.6 Stealth
 - Level 1.9 Unarmed Combat


You had one spell level left.
You didn't know any spells.
Your spell library was empty.

Dungeon Overview and Level Annotations

Branches:
Dungeon (1/15)

Altars:


Innate Abilities, Weirdness & Mutations

You are too large for most types of armour.
You have tough skin. (AC +1)


Message History

You closely miss the kobold.
The kobold is severely wounded.
The kobold barely misses you.
You barely miss the kobold.
The kobold is severely wounded.
The kobold hits you but does no damage.
You hit the kobold but do no damage.
The kobold is severely wounded.
The kobold barely misses you.
You closely miss the kobold.
The kobold is severely wounded.
The kobold hits you with a +0 short sword.
* * * LOW HITPOINT WARNING * * *
Unknown command.
You aren't carrying any items that you can evoke.
Unknown command.
You barely miss the kobold.
The kobold is severely wounded.
The kobold hits you with a +0 short sword.
You die...

### ..# ############# ..#
########......(..... ..#
#................... ..#
#...........@K...... ..#
#................... ..#
#................... ###
#...................
#...................
#####..................!
...รท').......>..........
#.###...................
...#############...##


You could see a kobold.

Vanquished Creatures
  2 leopard geckos (D:1)
  4 bats (D:1)
  3 hobgoblins (D:1)
  4 jackals (D:1)
  3 goblins (D:1)
  A kobold (D:1)
17 creatures vanquished.

Notes
Turn   | Place    | Note
-------+----------+-------------------------------------------
     0 | D:1      | Lavandula the Ogre Hunter began the quest for the Orb.
     0 | D:1      | Reached XP level 1. HP: 22/22 MP: 1/1
   224 | D:1      | Reached skill level 1 in Unarmed Combat
   236 | D:1      | Reached XP level 2. HP: 22/29 MP: 2/2
  1459 | D:1      | HP: 1/29 [kobold/+0 short sword (6)]
  1460 | D:1      | Slain by a kobold

Illustrated notes

Levels and vault maps discovered:
D:1:      evilmike_arrival_crescent, layout_basic

Skill      XL: |  1 |
---------------+----+-----
Unarmed Combat | 1 |  1.9
Fighting       | |  2.6
Throwing       | |  4.1
Dodging        | |  1.7
Stealth        | |  0.6

Action                   || total
-------------------------++-------
Melee: Short sword       ||    33
       Unarmed           ||   100
Throw: Large rock        ||    10
  Use: Scroll            ||     3
Armor: Robe              ||    89
Dodge: Dodged            ||   104

Table legend: (Time is in decaauts)
 A = Elapsed time spent in this place.
 B = Non-inter-level travel time spent in this place.
 C = Inter-level travel time spent in this place.
 D = Time resting spent in this place.
 E = Time spent auto-exploring this place.
 F = Levels seen in this place.
 G = Mean time per level.
                   A        B        C        D        E       F      G
               +--------+--------+--------+--------+--------+-----+--------+
         Total |   1466 |   1438 |     28 |    494 |    572 |   1 | 1466.0 |
       Dungeon |   1466 |   1438 |     28 |    494 |    572 |   1 | 1466.0 |
               +--------+--------+--------+--------+--------+-----+--------+

Top non-repeatable levels by time:
     D:1: 1466 daAuts
